Map: Oxyde EC

Players

lIllllIlIllI - Winner!

  • Race: Protoss Protoss
  • League: Master

LittleGirl

  • Race: Terran Terran
  • League: Master

VOD

Have the link to the VOD?

Description

Time

  • Played on: May 2, 2021, 7:13 p.m.
  • Length: 9:22
Show
View Real Time Build Order
Export as new Build Order

lIllllIlIllI Protoss - Winner!

Build Orders: 1 Gate Expand, Zealot Archon, Archon Drop, Dark Templar Rush 

Get SALT Encoding   

  12  0:00  Probe  
  13  0:12  Probe  
  14  0:17  Pylon  
  14  0:24  Probe (Chrono Boost)  
  16  0:36  Probe (Chrono Boost), Gateway  
  16  0:43  Probe (Chrono Boost)  
  16  0:45  Assimilator  
  17  0:51  Probe  
  18  1:03  Probe  
  19  1:15  Probe  
  20  1:23  Cybernetics Core  
  20  1:32  Nexus  
  20  1:39  Pylon  
  20  1:42  Probe  
  21  1:49  Assimilator  
  21  1:54  Probe  
  21  1:57  Adept (Chrono Boost)  
  21  2:01  Warp Gate  
  23  2:06  Probe  
  24  2:18  Probe  
  24  2:22  Twilight Council  
  25  2:30  Probe (Chrono Boost)  
  26  2:38  Robotics Facility  
  26  2:42  Probe (Chrono Boost)  
  27  2:46  Probe (Chrono Boost)  
  29  2:51  Probe (Chrono Boost)  
  29  2:53  Probe (Chrono Boost)  
  29  2:58  Probe x2 (Chrono Boost)  
  32  3:06  Dark Shrine  
  32  3:10  Probe x2  
  34  3:13  Gateway  
  34  3:19  Gateway  
  34  3:25  Warp Prism (Chrono Boost)  
  34  3:30  Probe  
  34  3:32  Probe  
  38  3:39  Pylon  
  38  3:42  Probe  
  38  3:44  Probe  
  38  3:45  Assimilator  
  37  4:05  Probe  
  37  4:07  Probe  
  39  4:17  Probe  
  40  4:18  Dark Templar x3  
  46  4:24  Nexus  
  46  4:26  Probe  
  47  4:35  Probe  
  48  4:46  Probe  
  48  4:48  Probe  
  48  4:52  Blink (Chrono Boost)  
  50  4:54  Dark Templar  
  50  4:58  Probe, Pylon  
  53  5:00  Probe, Archon  
  53  5:02  Pylon  
  53  5:03  Archon  
  54  5:10  Gateway  
  54  5:13  Gateway  
  54  5:16  Probe x2  
  56  5:28  Probe x2  
  58  5:35  Dark Templar x2  
  62  5:39  Pylon x2  
  62  5:40  Probe x3  
  63  5:57  Immortal (Chrono Boost)  
  63  5:59  Probe x2  
  63  6:01  Stalker  
  69  6:07  Stalker  
  69  6:08  Stalker  
  73  6:13  Stalker, Gateway  
  73  6:14  Gateway  
  73  6:16  Gateway  
  73  6:17  Probe  
  73  6:18  Probe x2  
  78  6:23  Forge  
  78  6:29  Probe  
  79  6:49  Charge (Chrono Boost)  
  79  6:55  Stalker x5, Immortal (Chrono Boost)  
  93  7:01  Probe x2  
  93  7:02  Probe, Protoss Ground Weapons Level 1 (Chrono Boost)  
  96  7:09  Pylon  
  96  7:10  Pylon  
  96  7:12  Pylon  
  96  7:34  Immortal (Chrono Boost)  
  96  7:37  Sentry, Zealot x7  
  100  7:44  Pylon  
  114  7:52  Pylon  
  114  7:53  Pylon  
  114  7:54  Pylon x2  
  114  7:57  Nexus  
  114  8:01  Zealot x5  
  124  8:16  Zealot x3  
  130  8:26  Zealot x4  
  130  8:27  Zealot  
  118  8:43  Zealot x3  
  122  8:48  Zealot x5  
  130  9:00  Probe x3  
  133  9:04  Robotics Bay  
  133  9:05  Stalker x3  
  133  9:06  Robotics Facility  
  133  9:08  Assimilator  
  133  9:09  Assimilator  
  139  9:11  Forge  
  139  9:13  Assimilator  
  139  9:16  Stalker x3  
  145  9:21  Pylon  
Show
View Real Time Build Order
Export as new Build Order

LittleGirl Terran 

Build Orders:  

Get SALT Encoding   

  12  0:00  SCV  
  13  0:12  SCV  
  14  0:17  Supply Depot  
  14  0:24  SCV  
  15  0:38  SCV  
  15  0:41  Barracks  
  16  0:43  Refinery  
  16  0:50  SCV  
  17  1:02  SCV  
  18  1:14  SCV  
  19  1:27  Orbital Command  
  19  1:28  Marine  
  20  1:44  Command Center  
  20  1:52  Barracks Reactor  
  20  1:55  SCV  
  21  2:05  Supply Depot  
  22  2:08  SCV  
  22  2:11  Factory  
  22  2:20  SCV  
  23  2:28  Marine x2  
  25  2:32  SCV  
  25  2:34  Bunker  
  26  2:37  Refinery  
  26  2:44  SCV  
  26  2:46  Marine x2  
  29  2:56  Orbital Command  
  30  2:58  Hellion  
  30  2:59  SCV  
  31  3:07  Starport  
  31  3:13  SCV  
  31  3:16  Marine x2  
  34  3:22  Factory Tech Lab  
  34  3:23  SCV  
  34  3:26  SCV  
  36  3:35  SCV  
  36  3:36  Marine x2  
  36  3:38  SCV  
  36  3:40  Supply Depot  
  40  3:45  Barracks  
  40  3:48  SCV  
  41  3:51  Raven  
  41  3:53  SCV  
  41  3:54  Marine  
  43  4:02  Marine  
  43  4:03  SCV  
  43  4:08  Engineering Bay, Barracks  
  45  4:10  SCV  
  45  4:12  Marine, Factory Tech Lab  
  45  4:16  SCV  
  48  4:19  Supply Depot  
  48  4:22  SCV  
  49  4:26  Refinery  
  49  4:28  SCV  
  45  4:41  SCV  
  42  4:46  Viking  
  42  4:50  SCV  
  45  4:54  Missile Turret  
  45  4:56  Siege Tank  
  45  4:58  SCV  
  49  5:02  SCV  
  49  5:03  Terran Infantry Weapons Level 1  
  49  5:07  Marine x4  
  50  5:10  SCV  
  55  5:14  SCV  
  56  5:22  SCV  
  56  5:26  SCV  
  51  5:36  SCV  
  51  5:38  SCV  
  51  5:39  Refinery  
  51  5:40  Stimpack  
  51  5:41  Combat Shield  
  53  5:43  Factory Reactor, Viking  
  53  5:45  Marine x2  
  53  5:48  SCV  
  56  5:50  SCV  
  54  6:00  SCV  
  54  6:03  SCV  
  56  6:06  Supply Depot  
  56  6:12  Barracks x2  
  56  6:13  SCV  
  56  6:17  Supply Depot, Marauder x2, Marine  
  62  6:25  Supply Depot  
  62  6:28  Marine  
  62  6:30  Factory Tech Lab  
  63  6:33  Medivac x2  
  65  6:42  Supply Depot  
  65  6:44  SCV  
  62  6:51  SCV  
  63  6:55  Marauder x2, Marine x2  
  63  6:56  Siege Tank, SCV  
  73  7:02  Barracks Reactor, Barracks Tech Lab  
  73  7:03  SCV  
  73  7:08  Supply Depot, Medivac, SCV  
  74  7:09  Medivac  
  74  7:11  Terran Infantry Armor Level 1  
  79  7:17  Marauder, Marine x2  
  79  7:18  Marauder  
  85  7:35  Marine  
  86  7:40  Medivac x2  
  90  7:44  Siege Tank  
  90  7:51  Marauder x2, Marine x3  
  97  7:56  Marine x2  
  101  8:09  Marine x2  
  102  8:15  Supply Depot  
  102  8:16  Supply Depot  
  102  8:29  Marine  
  102  8:31  Marauder, Marine  
  102  8:32  Marauder, Liberator  
  98  8:34  Marine  
  98  8:35  Marine x2  
  81  8:47  Marine  
  74  8:48  Marine  
  74  8:52  Marine  
Tags
 
Add a new tag
Caveats
  • Supply blocks, unpowered buildings, or Contaminate may cause inaccurate times.
  • Supply counts are checked every 10 seconds.